 Dungeon Crawl Stone Soup version 0.29-a0-563-g64e4043184 (webtiles) character file.

Game seed: 5985861076296249588

28 frimble the Shield-Bearer (level 3, -3/33 HPs)
             Began as a Meteoran Fighter on June 12, 2022.
             Slain by a worm (9 damage)
             ... on level 2 of the Dungeon.
             The game lasted 00:00:44 (509 turns).

frimble the Shield-Bearer (Meteoran Fighter)         Turns: 509, Time: 00:00:44

Health: -3/33      AC:  6    Str: 18    XL:     3   Next: 47%
Magic:  4/4        EV:  9    Int: 11    God:
Gold:   70         SH:  5    Dex: 13    Spells: 2/2 levels left

rFire   . . .      SeeInvis .   a - +0 war axe
rCold   . . .      Faith    .   c - +0 buckler
rNeg    . . .      Spirit   .   e - +0 scale mail
rPois   .          Reflect  .   (no helmet)
rElec   .          Harm     .   (no cloak)
rCorr   .          Rampage  .   (no gloves)
Will    .....                   (no boots)
Stlth   ..........              (no amulet)
HPRegen 0.11/turn               (no ring)
MPRegen 0.09/turn               (no ring)

@: glowing
A: sense surroundings 1, otherworldly, glowing, explore regen
a: no special abilities


You were on level 2 of the Dungeon.
You visited 1 branch of the dungeon, and saw 2 of its levels.

You collected 70 gold pieces.

Inventory:

Hand Weapons
 a - a +0 war axe (weapon)
 b - a +0 hunting sling
Armour
 c - a +0 buckler (worn)
 e - a +0 scale mail (worn)
Scrolls
 f - 2 scrolls of teleportation {unknown}
Potions
 d - a potion of might


   Skills:
 + Level 3.7 Fighting
 + Level 3.0 Axes
 + Level 0.5 Slings
 - Level 3.6 Armour
 + Level 4.1 Shields


You had 2 spell levels left.
You didn't know any spells.
Your spell library was empty.

Dungeon Overview and Level Annotations

Branches:
Dungeon (2/15)

Altars:


Innate Abilities, Weirdness & Mutations

You passively map a small area around you.
You are easily found by Zot.
You glow in the dark.
You regain HP and MP as you explore.


Message History

The hobgoblin hits you. You block the hobgoblin's attack.
You block the worm's attack.
You shoot a sling bullet.
The sling bullet barely misses the worm.
The hobgoblin closely misses you. You block the worm's attack.
You shoot a sling bullet. The sling bullet hits the worm.
The worm is lightly wounded.
The hobgoblin hits you. The hobgoblin closely misses you. The worm bites you.
You shoot a sling bullet.
The sling bullet barely misses the worm.
The hobgoblin hits you but does no damage.
You block the worm's attack.
The hobgoblin hits you but does no damage.
You shoot a sling bullet.
The sling bullet barely misses the worm.
The hobgoblin barely misses you. The worm bites you!
You are too injured to fight recklessly!
You are too injured to fight recklessly!
You are too injured to fight recklessly!
You are too injured to fight recklessly!
You are too injured to fight recklessly!
a - a +0 war axe (weapon)
The hobgoblin misses you.
You slash the worm!
The worm is heavily wounded.
You completely miss the hobgoblin. The hobgoblin closely misses you.
The worm bites you!
* * * LOW HITPOINT WARNING * * *
You slash the worm!
The worm is almost dead.
You closely miss the hobgoblin. The hobgoblin hits you.
* * * LOW HITPOINT WARNING * * *
The hobgoblin hits you but does no damage.
You block the worm's attack.
You barely miss the worm.
The worm is almost dead.
You hit the hobgoblin. The hobgoblin hits you.
* * * LOW HITPOINT WARNING * * *
The worm bites you!
You die...

, #####.### *
* #........
,,.. #.......#
*** *#.
###.......# #.
#..../....#
#.##.#.......#
#.#...........
, ,
#.#..#.g.....#
#.#..#@#######
,
#.<..#w#######
,
#.#.##........
,
#......#######
#.#.........#
, ,
#.####........
, , , #.
######... ,
#.* *## #.*


You could see a worm and a hobgoblin.

Vanquished Creatures
  An endoplasm (D:1)
  2 giant cockroaches (D:1)
  2 goblins (D:1)
  5 hobgoblins (D:1)
  2 quokkas (D:1)
  3 ball pythons (D:1)
  2 bats
  A frilled lizard (D:1)
  3 kobolds (D:1)
  4 rats (D:1)
25 creatures vanquished.

Notes
Turn   | Place    | Note
-------+----------+-------------------------------------------
     0 | D:1      | frimble the Meteoran Fighter began the quest for the Orb.
     0 | D:1      | Reached XP level 1. HP: 19/19 MP: 2/2
    77 | D:1      | Reached XP level 2. HP: 26/26 MP: 3/3
   198 | D:1      | Reached skill level 4 in Shields
   309 | D:1      | Reached XP level 3. HP: 22/31 MP: 4/4
   469 | D:1      | Glimpsed the power of Zot.
   509 | D:2      | Slain by a worm

Illustrated notes

Levels and vault maps discovered:
D:1:      elethiomel_arrival_shortcut, layout_basic, minmay_misc_feat_alley,
          hex_tiny
D:2:      layout_loops_ring

Skill      XL: |  1  2  3 |
---------------+----------+-----
Shields        | 4 |  4.1
Axes           | 3 |  3.0
Fighting       | |  3.7
Slings         | |  0.5
Armour         | |  3.6

Action                   || total
-------------------------++-------
Melee: War axe           ||    62
 Fire: Hunting sling     ||    23
Armor: Scale mail        ||    57
Dodge: Dodged            ||    35
Block: Buckler           ||    22

Table legend: (Time is in decaauts)
 A = Elapsed time spent in this place.
 B = Non-inter-level travel time spent in this place.
 C = Inter-level travel time spent in this place.
 D = Time resting spent in this place.
 E = Time spent auto-exploring this place.
 F = Levels seen in this place.
 G = Mean time per level.
                   A        B        C        D        E       F      G
               +--------+--------+--------+--------+--------+-----+--------+
         Total |    546 |    533 |     13 |      0 |    351 |   2 |  273.0 |
       Dungeon |    546 |    533 |     13 |      0 |    351 |   2 |  273.0 |
               +--------+--------+--------+--------+--------+-----+--------+

Top non-repeatable levels by time:
     D:1: 510 daAuts
     D:2: 35 daAuts
